 Dungeon Crawl Stone Soup version 0.24-a0-355-gbe4061de67 (webtiles) character file.

Game seed: 9586926113706730379

4755 MisterOstroum the Spear-Bearer (level 10, 0/86 HPs)
             Began as a Merfolk Gladiator on May 24, 2019.
             Was a High Priest of Cheibriados.
             Slain by a death knight
             ... wielding a +0 great mace
              (24 damage)
             ... on level 9 of the Dungeon.
             The game lasted 00:28:13 (9512 turns).

MisterOstroum the Spear-Bearer (Merfolk Gladiator)  Turns: 9512, Time: 00:28:14

Health: 0/86       AC:  8    Str: 35    XL:     10   Next: 46%
Magic:  0/12       EV: 18    Int: 22    God:    Cheibriados [*****.]
Gold:   392        SH:  0    Dex: 30    Spells: 9/9 levels left

rFire    + . .     SeeInvis .   a - +0 trident
rCold    . . .     Gourm    .   (no shield)
rNeg     + . .     Faith    .   J - +3 leather armour {rF+}
rPois    .         Spirit   +   I - +1 hat
rElec    .         Reflect  .   f - +0 cloak
rCorr    .         Harm     .   (no gloves)
MR       .....                  (no boots)
Stlth    ++........             x - amulet of guardian spirit
HPRegen  0.24/turn              p - +4 ring of strength
MPRegen  0.13/turn              r - ring of positive energy

@: about to teleport, very slow
A: change form in water, swift swim, stealthy swim
a: Bend Time, Temporal Distortion, Slouch, Step From Time, Renounce Religion


You were on level 9 of the Dungeon.
You worshipped Cheibriados.
Cheibriados was extremely pleased with you.
You were hungry.

You visited 1 branch of the dungeon, and saw 9 of its levels.
You also visited: Ossuary.

You collected 392 gold pieces.

Inventory:

Hand Weapons
 a - a +0 trident (weapon)
 m - the +6 long sword of a bailey {antimagic, -Tele rC+ Int+4}
   (You found it on level 7 of the Dungeon)

   It reduces the magical energy of the wielder, and disrupts the spells and
   magical abilities of those hit.
   Natural abilities and divine invocations are not affected.
   It affects your intelligence (+4).
   It protects you from cold.
   It prevents most forms of teleportation.
Missiles
 d - 2 throwing nets {!f}
 k - 222 stones
 n - 55 poisoned darts (quivered)
 y - 2 silver javelins
 K - 3 boomerangs
Armour
 b - a +0 leather armour
 c - a +0 helmet
 f - a +0 cloak (worn)
 I - a +1 hat (worn)
 J - a +3 leather armour of fire resistance (worn)
Jewellery
 l - an uncursed ring of ice
 p - a +4 ring of strength (left hand)
 r - a ring of positive energy (right hand)
 x - an amulet of guardian spirit (around neck)
Wands
 B - a wand of disintegration (12)
 C - a wand of digging (6)
 M - a wand of polymorph (9)
 N - a wand of paralysis (11)
Scrolls
 i - 5 scrolls of remove curse {unknown}
 o - 4 scrolls of amnesia {unknown}
 t - 4 scrolls of teleportation
 v - a scroll of random uselessness {unknown}
 w - 2 scrolls of enchant weapon {unknown}
 E - a scroll of immolation {unknown}
 H - 2 scrolls of magic mapping {unknown}
Potions
 h - 2 potions of curing
 j - a potion of might {@q3 !q}
 q - a potion of magic
 s - 2 potions of brilliance
 z - a potion of cancellation
 A - 3 potions of heal wounds {@q2 !q}
 D - 2 potions of agility {unknown}
 F - a potion of haste {unknown}
 G - 2 potions of mutation {unknown}
 L - a potion of ambrosia {unknown}
 O - a potion of resistance {unknown}
 P - a potion of berserk rage {unknown}
Comestibles
 e - 7 rations
 u - 4 chunks of flesh


   Skills:
 + Level 10.8 Fighting
 + Level 13.8 Polearms
 - Level 4.5 Throwing
 - Level 5.9 Dodging
 - Level 3.0 Invocations


You had 9 spell levels left.
You didn't know any spells.
Your spell library was empty.

Dungeon Overview and Level Annotations

Branches:
Dungeon (9/15)             Temple (0/1) D:7
   Lair: D:8-11         Orc: D:9-12

Altars:
Ashenzari
Cheibriados
Dithmenos
Fedhas
Gozag
Hepliaklqana
Kikubaaqudgha
Makhleb
Okawaru
Qazlal
Uskayaw
Vehumet
Xom
Zin

Shops:
D:9 %

Annotations:
D:4 2 transporters, 1 runed translucent door, SpeedDemon's ghost, amateur MfGl
D:7 exclusion: ice statue


Message History

Butcher a jackal corpse? [(y)es/(n)o/(a)ll/(q)uit/?]
You butcher the jackal corpse.
u - 4 chunks of flesh (gained 1)
Things that are here:
a jackal corpse; a jackal skeleton You butcher the jackal corpse.
u - 7 chunks of flesh (gained 3)
Things that are here:
a jackal skeleton x2
Some of the chunks of flesh in your inventory have rotted away.
n - 50 poisoned darts (gained 1)
n - 51 poisoned darts (gained 1)
n - 53 poisoned darts (gained 2)
n - 55 poisoned darts (gained 2)
n - 56 poisoned darts (gained 1)
n - 57 poisoned darts (gained 1)
n - 59 poisoned darts (gained 2)
n - 60 poisoned darts (gained 1)
Found a whip.
You now have 378 gold pieces (gained 16).
You open the door.
There is an open door here.
You now have 392 gold pieces (gained 14).
A death knight comes into view. It is wielding a +0 great mace.
Throwing (i - inventory. (/) - cycle)
n - 60 poisoned darts (quivered)
Press: ? - help, Shift-Dir - straight line, f - death knight
Aim: a death knight, wielding a +0 great mace and wearing a +0 chain mail (hasn't noticed you)
You throw a poisoned dart.
The poisoned dart hits the death knight!
The death knight is poisoned.
The death knight shouts!
Throwing (i - inventory. (/) - cycle)
n - 59 poisoned darts (quivered)
Press: ? - help, Shift-Dir - straight line, f/p - death knight
Aim: a death knight, wielding a +0 great mace and wearing a +0 chain mail (lightly wounded, poisoned)
You throw a poisoned dart.
The poisoned dart hits the death knight.
The death knight looks even sicker.
The death knight is lightly wounded.
Throwing (i - inventory. (/) - cycle)
n - 58 poisoned darts (quivered)
Press: ? - help, Shift-Dir - straight line, f/p - death knight
Aim: a death knight, wielding a +0 great mace and wearing a +0 chain mail (lightly wounded, poisoned)
You throw a poisoned dart.
The poisoned dart hits the death knight.
The death knight is lightly wounded.
Throwing (i - inventory. (/) - cycle)
n - 57 poisoned darts (quivered)
Press: ? - help, Shift-Dir - straight line, f/p - death knight
Aim: a death knight, wielding a +0 great mace and wearing a +0 chain mail (lightly wounded, poisoned)
You throw a poisoned dart.
The poisoned dart hits the death knight!
The death knight looks as sick as possible!
The death knight is lightly wounded.
The death knight offers itself to Yredelemnul, and fills with unholy energy.
Throwing (i - inventory. (/) - cycle)
n - 56 poisoned darts (quivered)
Press: ? - help, Shift-Dir - straight line, f/p - death knight
Aim: a death knight, wielding a +0 great mace and wearing a +0 chain mail (lightly wounded, poisoned, reflecting injuries)
You throw a poisoned dart.
The poisoned dart hits the death knight!
The death knight looks as sick as possible!
The death knight is lightly wounded.
The death knight reflects your damage back at you!
Attack whom?
Press: ? - help, Dir - move target cursor, f/p - death knight
Aim: a death knight, wielding a +0 great mace and wearing a +0 chain mail (lightly wounded, poisoned, reflecting injuries)
You reach to attack!
You hit the death knight but do no damage.
The death knight is lightly wounded.
Press: ? - help, v - describe, . - travel
Here: a death knight, wielding a +0 great mace and wearing a +0 chain mail (lightly wounded, poisoned, reflecting injuries)
The floor.
Attack whom?
Press: ? - help, Dir - move target cursor, f/p - death knight
Aim: a death knight, wielding a +0 great mace and wearing a +0 chain mail (lightly wounded, poisoned, reflecting injuries)
You reach to attack!
You hit the death knight but do no damage.
The death knight is lightly wounded.
The death knight reflects your damage back at you!
The death knight reflects your damage back at you!
The death knight barely misses you. The flow of time bends around you.
The death knight resists with some effort.
You are feeling hungry.
The death knight reflects your damage back at you!
The death knight closely misses you.
The tengu warrior shouts!
You hit the death knight.
The death knight is moderately wounded.
The death knight reflects your damage back at you! x2
The death knight reflects your damage back at you!
The death knight hits you with a +0 great mace!!
The death knight hits you with a +0 great mace!
The death knight's dark mirror aura disappears.
The death knight reflects your damage back at you!
The death knight calls down the wrath of Yredelemnul upon you.
Your body is wracked with pain!
* * * LOW HITPOINT WARNING * * *
You don't have enough magic at the moment.
As you read the scroll of teleportation, it crumbles to dust.
You feel strangely unstable.
The death knight hits you with a +0 great mace!!
You die...

..# ..######## .. ......... ..#
..........###.##########..
..#####..%...........#.......)#..
........... .........#.......)').
........#######......#.......)#..
........#.....#......#.#####..#..
........#.....#......#.#...#..+.#
###.....#.....#..Q...#.#...#..#.#
..#.....#.....'.@p...#.#...#..#.#
..#...###.....####...#.#...#..#.#
..#...#...(......#...#.#...#.<#.#
###...#..........#...+.###'#..# #
......#..........#.(.#........# #
......#..........#.(.#####'####
..###'#..........#..(............
..#.............##...............
..+..........)..#............+###


You could see a death knight and a tengu warrior.

Vanquished Creatures
  A hornet (D:9)
  A hippogriff (D:7)
  Sigmund (D:6)
  A water moccasin (D:9)
  Duvessa (D:6)
  2 orc warriors
  2 sky beasts
  2 ice beasts (D:6)
  7 ogres
  2 phantoms
  2 centaurs
  2 big kobolds (D:8)
  6 bullfrogs
  Dowan (D:6)
  4 water moccasin zombies
  2 scorpions (D:4)
  4 killer bees (D:8)
  3 howler monkeys
  A crimson imp (D:9)
  A quasit (D:6)
  A bullfrog zombie (D:4)
  2 jellies
  5 hounds
  A centaur skeleton (D:8)
  5 orc priests
  5 orc wizards
  5 iguanas
  7 worker ants
  4 big kobold zombies (Ossuary)
  3 mummies
  10 adders
  2 howler monkey skeletons
  An ooze (D:5)
  8 adder zombies (Ossuary)
  2 worms (D:2)
  A dart slug (D:5)
  10 leopard geckos
  27 orcs
  10 bats
  A bat skeleton (D:2)
  2 bat zombies (D:7)
  10 giant cockroaches
  6 goblins
  7 hobgoblins
  18 jackals
  19 kobolds
  3 quokkas
  A ball python (D:2)
  5 frilled lizards
  7 gnoll zombies (Ossuary)
  3 hobgoblin zombies (Ossuary)
  A jackal zombie (D:5)
  A leopard gecko skeleton (D:5)
  6 orc zombies (Ossuary)
  A quokka zombie (D:5)
  7 rats
253 creatures vanquished.

Notes
Turn   | Place    | Note
-------+----------+-------------------------------------------
     0 | D:1      | MisterOstroum the Merfolk Gladiator began the quest for the
                  | Orb.
     0 | D:1      | Reached XP level 1. HP: 16/16 MP: 1/1
    74 | D:1      | Reached XP level 2. HP: 23/23 MP: 2/2
   203 | D:1      | Reached skill level 5 in Polearms
   479 | D:2      | Reached XP level 3. HP: 7/29 MP: 3/3
  1590 | D:2      | Found a snail-covered altar of Cheibriados.
  1695 | D:2      | Became a worshipper of Cheibriados the Contemplative
  2044 | D:2      | Found a shattered altar of Ashenzari.
  2061 | D:2      | Reached XP level 4. HP: 35/35 MP: 4/4
  2270 | D:3      | Reached * piety under Cheibriados
  2301 | D:3      | Reached skill level 6 in Polearms
  2362 | D:3      | Found a hide-covered altar of Uskayaw.
  2377 | D:3      | Found a shimmering altar of Xom.
  2738 | D:3      | Reached XP level 5. HP: 42/42 MP: 5/5
  2838 | D:4      | Reached ** piety under Cheibriados
  2931 | D:4      | You fall into a shaft and drop 1 floor!
  2931 | D:5      | Entered Level 5 of the Dungeon
  2935 | D:5      | Reached skill level 7 in Polearms
  2954 | D:5      | Found a glowing silver altar of Zin.
  3193 | D:4      | Found a hazy altar of Hepliaklqana.
  3245 | D:4      | Reached skill level 5 in Fighting
  3245 | D:4      | Reached XP level 6. HP: 27/51 MP: 3/6
  3440 | D:4      | Found a transporter.
  3444 | D:4      | Noticed SpeedDemon's ghost (amateur MfGl)
  3461 | D:4      | Found a transporter.
  3542 | D:4      | Found a stormy altar of Qazlal.
  3731 | D:4      | Reached skill level 8 in Polearms
  3889 | D:4      | Found a glowing silver altar of Zin.
  3889 | D:4      | Noticed an angel
  3890 | D:4      | Found a runed translucent door.
  3999 | D:5      | Noticed a sky beast
  4005 | D:5      | Killed a sky beast
  4005 | D:5      | Reached XP level 7. HP: 51/57 MP: 5/7
  4620 | D:5      | Reached skill level 9 in Polearms
  4653 | D:5      | Reached *** piety under Cheibriados
  5117 | D:6      | Reached XP level 8. HP: 67/67 MP: 8/8
  5121 | D:6      | Noticed Sigmund
  5154 | D:5      | Reached skill level 1 in Invocations
  5303 | D:6      | Killed Sigmund
  5303 | D:6      | Reached skill level 10 in Polearms
  5563 | D:6      | Noticed Dowan
  5563 | D:6      | Noticed Duvessa
  5597 | D:6      | Killed Duvessa
  5598 | D:6      | Killed Dowan
  5896 | D:6      | Reached skill level 11 in Polearms
  5985 | D:6      | Reached XP level 9. HP: 74/74 MP: 10/10
  6596 | D:7      | Found an iron altar of Okawaru.
  6596 | D:7      | Found a shadowy altar of Dithmenos.
  6597 | D:7      | Found an opulent altar of Gozag.
  6677 | D:7      | Found a radiant altar of Vehumet.
  6703 | D:7      | Reached skill level 5 in Dodging
  6997 | D:7      | Reached **** piety under Cheibriados
  7160 | D:7      | Found a staircase to the Ecumenical Temple.
  7200 | D:7      | Reached skill level 12 in Polearms
  7368 | D:7      | Found a burning altar of Makhleb.
  7492 | D:7      | Found an ancient bone altar of Kikubaaqudgha.
  7602 | D:7      | Noticed an ice statue
  7667 | D:7      | Got an iridescent long sword
  7685 | D:7      | Identified the +6 long sword of a bailey {antimagic, -Tele
                  | rC+ Int+4} (You found it on level 7 of the Dungeon)
  7840 | D:8      | Reached ***** piety under Cheibriados
  7875 | D:8      | Found a sand-covered staircase.
  7884 | Ossuary  | Entered an ossuary
  7971 | Ossuary  | Reached XP level 10. HP: 85/85 MP: 11/11
  8068 | Ossuary  | Reached skill level 10 in Fighting
  8068 | Ossuary  | Reached skill level 13 in Polearms
  9002 | D:9      | Paralysed by a hornet for 1 turns
  9264 | D:9      | Found Bozydi's Food Emporium.
  9363 | D:9      | Found a blossoming altar of Fedhas.
  9369 | D:9      | Noticed a tengu warrior
  9369 | D:9      | Noticed a cyclops
  9369 | D:9      | Noticed a gargoyle
  9499 | D:9      | Noticed a death knight
  9512 | D:9      | Slain by a death knight

Levels and vault maps discovered:
D:1:      nzn_arrival_settlement, layout_basic, hangedman_decor_clover_reticule,
          minmay_misc_feat_doors
D:2:      layout_basic, nicolae_overflow_crystal_walls,
          nicolae_ashenzari_panopticon, first_ration,
          chequers_serial_rivers_room_a, minmay_mini_jars
D:3:      layout_basic, eat_drink_and_be_merry_uskayaw,
          nicolae_overflow_hidden_temple
D:4:      layout_cave_pools, lemuel_doored_altar, overflow_temple_1_default,
          gammafunk_ghost_stat_death, minmay_crystal_water, lemuel_angel_altar
D:5:      layout_basic, minmay_ruined_shrine
D:6:      layout_basic, uniq_sigmund, uniq_duvessa
D:7:      lemuel_ice_statue, layout_loops_ring,
          lemuel_zombie_altar_kikubaaqudgha, makhleb_heckhound_becter,
          vehumet_crystals, yredelemnul_forgotten_temple_becter, minitemple,
          minmay_temple_entry_trees
D:8:      layout_gridville, gup_ossuary_entry_pyramid
D:9:      minmay_the_grid_triangle_9x9_recursive_2_mashed
          [minmay_the_grid_triangle_9x9_prize_insulated,
          minmay_the_grid_triangle_9x9_dagger,
          minmay_the_grid_triangle_9x9_shrine,
          minmay_the_grid_triangle_9x9_cache], layout_irregular_city,
          lemuel_coloured_pillars_altar, overflow_temple_1_default,
          serial_shops, shop_statue,
          nicolae_shop_temple_entry_statues_fountains, kennysheep_mini_moat,
          nicolae_shop_stone

Skill      XL: |  1  2  3  4  5  6  7  8  9 10 |
---------------+-------------------------------+-----
Polearms       | 5 6 7 8 9 11 12 13 | 13.8
Fighting       | 3 4 5 7 8 9 10 | 10.8
Invocations    | 2 3 |  3.0
Throwing       | 4 |  4.5
Dodging        | 5 |  5.9

Action                   |  1- 3 |  4- 6 |  7- 9 | 10-12 || total
-------------------------+-------+-------+-------+-------++-------
Melee: Trident           |   129 |   151 |   379 |   171 ||   830
Throw: Stone             |    36 |    57 |   108 |       ||   201
       Dart              |     1 |    14 |     4 |    17 ||    36
       Boomerang         |       |       |    21 |    27 ||    48
       Javelin           |       |       |     7 |       ||     7
       Throwing net      |       |       |       |     1 ||     1
Invok: Bend Time         |       |       |     3 |     1 ||     4
       Temporal Distorti |       |       |     1 |       ||     1
       Slouch            |       |       |       |     1 ||     1
  Use: Scroll            |     1 |     3 |     6 |     3 ||    13
       Potion            |       |       |       |     1 ||     1
 Stab: Sleeping          |       |     1 |     6 |     2 ||     9
       Distracted        |       |       |     1 |     1 ||     2
  Eat: Ration            |     1 |       |       |       ||     1
       Chunk             |       |     3 |     8 |     2 ||    13
Armor: Leather armour    |    38 |    27 |    58 |    15 ||   138
Dodge: Dodged            |   121 |    82 |   188 |   104 ||   495

Table legend:
 A = Non-vault XP
 B = Vault XP
 C = Vault XP percentage of total XP
 D = Non-vault monster count
 E = Vault monster count
 F = Vault count percentage of total count
                 A         B        C        D         E       F
            +---------+---------+-------+---------+---------+-------
      Total |    5793 |    1000 |  14.7 |     198 |      55 |  21.7
            +---------+---------+-------+---------+---------+-------
        D:1 |      43 |       0 |   0.0 |      24 |       0 |   0.0
        D:2 |      34 |      17 |  33.3 |      15 |      10 |  40.0
        D:3 |     143 |       0 |   0.0 |      24 |       0 |   0.0
        D:4 |     232 |       0 |   0.0 |       9 |       0 |   0.0
        D:5 |     651 |      31 |   4.5 |      23 |       5 |  17.9
        D:6 |    1284 |     443 |  25.7 |      23 |       3 |  11.5
        D:7 |    1041 |      49 |   4.5 |      25 |       3 |  10.7
        D:8 |    1363 |      18 |   1.3 |      36 |       1 |   2.7
        D:9 |    1002 |       0 |   0.0 |      19 |       0 |   0.0
    Ossuary |       0 |     442 | 100.0 |       0 |      33 | 100.0
            +---------+---------+-------+---------+---------+-------
